TOP OF THE 1ST |
Great Falls Voyagers batting - Pitching for Butte Copper Kings : LHP John McAnally
|
Pitching: LHP John McAnally
|
|
Batting: LHB Jose Fernandez
|
0-0: Ball 1-0: Ball 2-0: Called Strike 2-1: Foul Ball, location: 2F 2-2: SINGLE (Line Drive, 8LS, EV 96.9 MPH)
|
Batting: LHB Juan Villaescusa
|
0-0: Called Strike 0-1: Foul Ball, location: 2F 0-2: Ball 1-2: Strikes out swinging
|
Batting: RHB Johnny Paredes
|
0-0: Ball 1-0: Ball 2-0: Called Strike 2-1: TRIPLE (Groundball, 5L, EV 101.3 MPH) Jose Fernandez scores
|
Batting: RHB Jose Gomez
|
0-0: Foul Ball, location: 2F 0-1: Ball 1-1: Foul Ball, location: 2F 1-2: Ball 2-2: SINGLE (Groundball, 6MS, EV 71.9 MPH) (infield hit) Johnny Paredes scores
|
Batting: SHB John Kanter
|
0-0: Ball 1-0: Foul Ball, location: 2F 1-1: Ball 2-1: Foul Ball, location: 2F 2-2: Strikes out looking
|
Batting: SHB Gerald Young
|
0-0: Ball 1-0: Called Strike 1-1: Fly out, F8 (Line Drive, 8LD, EV 83.8 MPH)
|
Top of the 1st over - 2 runs, 3 hits, 0 errors, 1 left on base; Great Falls 2 - Butte 0 |
BOTTOM OF THE 1ST |
Butte Copper Kings batting - Pitching for Great Falls Voyagers : LHP Randy Newman
|
Pitching: LHP Randy Newman
|
|
Batting: LHB Larry Jackson
|
0-0: Ball 1-0: SOLO HOME RUN (Line Drive, 9D, EV 101.3 MPH), Distance : 390 ft
|
Batting: RHB Jere Longenecker
|
0-0: Called Strike 0-1: Foul Ball, location: 2F 0-2: Strikes out swinging
|
Batting: RHB Kevin Sliwinski
|
0-0: Ball 1-0: Called Strike 1-1: Fly out, F5 (Popup, 25, EV 87.5 MPH)
|
Batting: SHB Pat Bone
|
0-0: Ball 1-0: Foul Ball, location: 2F 1-1: Called Strike 1-2: Strikes out swinging
|
Bottom of the 1st over - 1 run, 1 hit, 0 errors, 0 left on base; Great Falls 2 - Butte 1 |
TOP OF THE 2ND |
Great Falls Voyagers batting - Pitching for Butte Copper Kings : LHP John McAnally
|
Batting: LHB John Yari
|
0-0: Ground out 4-3 (Groundball, 4, EV 107.5 MPH)
|
Batting: RHB Paulino Garcia
|
0-0: Foul Ball, location: 2F 0-1: Ball 1-1: Ball 2-1: Swinging Strike 2-2: Strikes out swinging, 2-3 out at first.
|
Batting: RHB Harvey Wilkerson
|
0-0: Called Strike 0-1: Ball 1-1: Ball 2-1: Ball 3-1: Called Strike 3-2: Strikes out swinging
|
Top of the 2nd over - 0 runs, 0 hits, 0 errors, 0 left on base; Great Falls 2 - Butte 1 |
BOTTOM OF THE 2ND |
Butte Copper Kings batting - Pitching for Great Falls Voyagers : LHP Randy Newman
|
Batting: RHB William Allen
|
0-0: Ground out 6-3 (Groundball, 6, EV 86.9 MPH)
|
Batting: RHB Jose Matos
|
0-0: Swinging Strike 0-1: DOUBLE (Line Drive, 9LS, EV 107.5 MPH)
|
Batting: RHB Keith Komeiji
|
0-0: Ball 1-0: DOUBLE (Flyball, 8RXD, EV 94.4 MPH) Jose Matos scores
|
Batting: RHB Ray Thoma
|
0-0: Ball 1-0: Called Strike 1-1: SINGLE (Groundball, 4MD, EV 106.3 MPH) Keith Komeiji to third Runner from 3rd tries for Home, SAFE, throw by CF to home
|
Batting: RHB Juan Alvarez
|
0-0: Ball Ray Thoma steals 2nd, throwing error, E2 Ray Thoma to third 1-0: Ground out 4-3 (Groundball, 34, EV 101.9 MPH) Ray Thoma scores
|
Batting: LHB Larry Jackson
|
0-0: Ball 1-0: Foul Ball, location: 2F 1-1: Called Strike 1-2: Foul Ball, location: 2F 1-2: SINGLE (Groundball, 34D, EV 108.1 MPH)
|
Batting: RHB Jere Longenecker
|
0-0: Ball 1-0: Called Strike 1-1: Ball 2-1: Ball 3-1: Swinging Strike 3-2: Base on Balls Larry Jackson to second
|
Batting: RHB Kevin Sliwinski
|
0-0: Ball 1-0: Called Strike 1-1: Called Strike 1-2: Fielders Choice at 2nd, 6-4 (Groundball, 6, EV 99.4 MPH)
|
Bottom of the 2nd over - 3 runs, 4 hits, 1 error, 2 left on base; Great Falls 2 - Butte 4 |
TOP OF THE 3RD |
Great Falls Voyagers batting - Pitching for Butte Copper Kings : LHP John McAnally
|
Batting: LHB Jose Fernandez
|
0-0: Ball 1-0: Swinging Strike 1-1: Called Strike 1-2: Foul Ball, location: 2F 1-2: Ball 2-2: Ball 3-2: Ground out 4-3 (Groundball, 13, EV 81.3 MPH)
|
Batting: LHB Juan Villaescusa
|
0-0: Ball 1-0: Foul Ball, location: 2F 1-1: Foul Ball, location: 2F 1-2: Strikes out swinging
|
Batting: RHB Johnny Paredes
|
0-0: Called Strike 0-1: Fly out, F4 (Popup, 4MD, EV 45.6 MPH)
|
Top of the 3rd over - 0 runs, 0 hits, 0 errors, 0 left on base; Great Falls 2 - Butte 4 |
BOTTOM OF THE 3RD |
Butte Copper Kings batting - Pitching for Great Falls Voyagers : LHP Randy Newman
|
Batting: SHB Pat Bone
|
0-0: Ball 1-0: Called Strike 1-1: Ball 2-1: Foul Ball, location: 2F 2-2: Foul Ball, location: 2F 2-2: Ball 3-2: Strikes out looking
|
Batting: RHB William Allen
|
0-0: Foul Ball, location: 2F 0-1: Ball 1-1: Ball 2-1: Swinging Strike 2-2: Strikes out looking
|
Batting: RHB Jose Matos
|
0-0: Foul Ball, location: 2F 0-1: Called Strike 0-2: Ball 1-2: SINGLE (Line Drive, 4D, EV 93.8 MPH)
|
Batting: RHB Keith Komeiji
|
0-0: Ball 1-0: Called Strike 1-1: Fly out, F9 (Flyball, 89D, EV 104.4 MPH)
|
Bottom of the 3rd over - 0 runs, 1 hit, 0 errors, 1 left on base; Great Falls 2 - Butte 4 |
TOP OF THE 4TH |
Great Falls Voyagers batting - Pitching for Butte Copper Kings : LHP John McAnally
|
Batting: RHB Jose Gomez
|
0-0: DOUBLE (Line Drive, 89XD, EV 108.8 MPH)
|
Batting: SHB John Kanter
|
0-0: Ball 1-0: Ball 2-0: Ground out 6-3 (Groundball, 6, EV 85.0 MPH)
|
Batting: SHB Gerald Young
|
0-0: Called Strike 0-1: Fly out, F9 (Line Drive, 89S, EV 96.9 MPH)
|
Batting: LHB John Yari
|
0-0: Called Strike 0-1: Ball 1-1: Ground out 4-3 (Groundball, 34, EV 103.8 MPH)
|
Top of the 4th over - 0 runs, 1 hit, 0 errors, 1 left on base; Great Falls 2 - Butte 4 |
BOTTOM OF THE 4TH |
Butte Copper Kings batting - Pitching for Great Falls Voyagers : LHP Randy Newman
|
Batting: RHB Ray Thoma
|
0-0: Fly out, F9 (Flyball, 9LM, EV 86.9 MPH)
|
Batting: RHB Juan Alvarez
|
0-0: Called Strike 0-1: Ball 1-1: Called Strike 1-2: Ball 2-2: Ball 3-2: Foul Ball, location: 2F 3-2: Strikes out looking
|
Batting: LHB Larry Jackson
|
0-0: Ball 1-0: Swinging Strike 1-1: Foul Ball, location: 2F 1-2: Foul Ball, location: 2F 1-2: Ball 2-2: Fly out, F8 (Flyball, 8LM, EV 90.0 MPH)
|
Bottom of the 4th over - 0 runs, 0 hits, 0 errors, 0 left on base; Great Falls 2 - Butte 4 |
TOP OF THE 5TH |
Great Falls Voyagers batting - Pitching for Butte Copper Kings : LHP John McAnally
|
Batting: RHB Paulino Garcia
|
0-0: Ground out 6-3 (Groundball, 56, EV 98.1 MPH)
|
Batting: RHB Harvey Wilkerson
|
0-0: Swinging Strike 0-1: Fly out, F7 (Line Drive, 7, EV 91.9 MPH)
|
Batting: LHB Jose Fernandez
|
0-0: Foul Ball, location: 2F 0-1: Ball 1-1: Called Strike 1-2: Ball 2-2: Ball 3-2: Base on Balls
|
Batting: LHB Juan Villaescusa
|
0-0: Called Strike Jose Fernandez is caught stealing 2nd base 2-6
|
Top of the 5th over - 0 runs, 0 hits, 0 errors, 0 left on base; Great Falls 2 - Butte 4 |
BOTTOM OF THE 5TH |
Butte Copper Kings batting - Pitching for Great Falls Voyagers : LHP Randy Newman
|
Batting: RHB Jere Longenecker
|
0-0: Foul Ball, location: 2F 0-1: Fly out, F3 (Flyball, 3D, EV 86.9 MPH)
|
Batting: RHB Kevin Sliwinski
|
0-0: DOUBLE (Line Drive, 9LM, EV 96.9 MPH)
|
Batting: SHB Pat Bone
|
0-0: Ball 1-0: Ball 2-0: Foul Ball, location: 2F 2-1: Foul Ball, location: 2F 2-2: Foul Ball, location: 2F 2-2: Foul Ball, location: 2F 2-2: Ground out U3 (Groundball, 3S, EV 92.5 MPH) Kevin Sliwinski to third
|
Batting: RHB William Allen
|
0-0: Foul Ball, location: 2F 0-1: Ball 1-1: Foul Ball, location: 2F 1-2: Fly out, F9 (Flyball, 9D, EV 105.6 MPH)
|
Bottom of the 5th over - 0 runs, 1 hit, 0 errors, 1 left on base; Great Falls 2 - Butte 4 |
TOP OF THE 6TH |
Great Falls Voyagers batting - Pitching for Butte Copper Kings : LHP John McAnally
|
Batting: LHB Juan Villaescusa
|
0-0: Called Strike 0-1: Ball 1-1: Ball 2-1: Ground out 6-3 (Groundball, 6M, EV 100.0 MPH)
|
Pitching: RHP Kevin Quirk
|
|
Batting: RHB Johnny Paredes
|
0-0: Called Strike 0-1: Ball 1-1: Ball 2-1: Ball 3-1: Base on Balls
|
Batting: RHB Jose Gomez
|
0-0: Called Strike 0-1: Ball 1-1: Grounds into double play, 6-4-3 (Groundball, 6S, EV 86.9 MPH)
|
Top of the 6th over - 0 runs, 0 hits, 0 errors, 0 left on base; Great Falls 2 - Butte 4 |
BOTTOM OF THE 6TH |
Butte Copper Kings batting - Pitching for Great Falls Voyagers : LHP Randy Newman
|
Batting: RHB Jose Matos
|
0-0: Foul Ball, location: 2F 0-1: Ball 1-1: Swinging Strike 1-2: Ball 2-2: Ball 3-2: Base on Balls
|
Batting: RHB Keith Komeiji
|
0-0: Called Strike 0-1: Foul Ball, location: 2F 0-2: Ball 1-2: Foul Ball, location: 2F 1-2: Foul Ball, location: 2F 1-2: Ball 2-2: Fly out, F7 (Flyball, 7LS, EV 78.1 MPH)
|
Batting: RHB Ray Thoma
|
0-0: Foul Ball, location: 2F 0-1: Ball 1-1: Ball 2-1: Called Strike 2-2: Ball 3-2: Strikes out looking
|
Pitching: RHP Donald Fenton
|
|
Batting: RHB Juan Alvarez
|
0-0: Ball 1-0: Fly out, F7 (Line Drive, 7, EV 86.3 MPH)
|
Bottom of the 6th over - 0 runs, 0 hits, 0 errors, 1 left on base; Great Falls 2 - Butte 4 |
TOP OF THE 7TH |
Great Falls Voyagers batting - Pitching for Butte Copper Kings : RHP Kevin Quirk
|
Batting: SHB John Kanter
|
0-0: Ball 1-0: Ball 2-0: Ball 3-0: Called Strike 3-1: Called Strike 3-2: Base on Balls
|
Batting: SHB Gerald Young
|
0-0: Ball 1-0: Swinging Strike 1-1: Ball John Kanter is caught stealing 2nd base 2-6 2-1: Ball 3-1: Fly out, F3 (Line Drive, 3, EV 66.9 MPH)
|
Pitching: LHP Kenneth Stelly
|
|
Batting: LHB John Yari
|
0-0: Ball 1-0: SINGLE (Groundball, 34D, EV 105.0 MPH)
|
Batting: RHB Paulino Garcia
|
0-0: Called Strike 0-1: Swinging Strike 0-2: Strikes out swinging
|
Top of the 7th over - 0 runs, 1 hit, 0 errors, 1 left on base; Great Falls 2 - Butte 4 |
BOTTOM OF THE 7TH |
Butte Copper Kings batting - Pitching for Great Falls Voyagers : RHP Donald Fenton
|
Batting: LHB Larry Jackson
|
0-0: Ball 1-0: Swinging Strike 1-1: Ground out U3 (Groundball, 34, EV 98.8 MPH)
|
Batting: RHB Jere Longenecker
|
0-0: Ball 1-0: Swinging Strike 1-1: Ball 2-1: Foul Ball, location: 2F 2-2: Ball 3-2: Foul Ball, location: 2F 3-2: Foul Ball, location: 2F 3-2: Base on Balls
|
Batting: RHB Kevin Sliwinski
|
0-0: Ball Jere Longenecker steals 2nd base 1-0: Foul Ball, location: 2F 1-1: Called Strike 1-2: Ball 2-2: Ground out 6-3 (Groundball, 6, EV 91.3 MPH)
|
Batting: SHB Pat Bone
|
0-0: Fly out, F8 (Flyball, 8RM, EV 89.4 MPH)
|
Bottom of the 7th over - 0 runs, 0 hits, 0 errors, 1 left on base; Great Falls 2 - Butte 4 |
TOP OF THE 8TH |
Great Falls Voyagers batting - Pitching for Butte Copper Kings : LHP Kenneth Stelly
|
Batting: RHB Harvey Wilkerson
|
0-0: Ball 1-0: Called Strike 1-1: Called Strike 1-2: Foul Ball, location: 2F 1-2: Strikes out looking
|
Batting: LHB Jose Fernandez
|
0-0: Called Strike 0-1: Ball 1-1: Ball 2-1: Ball 3-1: Ground out 3-1 (Groundball, 34S, EV 81.9 MPH)
|
Batting: LHB Juan Villaescusa
|
0-0: Ball 1-0: Foul Ball, location: 2F 1-1: Ball 2-1: Swinging Strike 2-2: Ball 3-2: Foul Ball, location: 2F 3-2: Fly out, F4 (Popup, 34S, EV 79.4 MPH)
|
Top of the 8th over - 0 runs, 0 hits, 0 errors, 0 left on base; Great Falls 2 - Butte 4 |
BOTTOM OF THE 8TH |
Butte Copper Kings batting - Pitching for Great Falls Voyagers : RHP Donald Fenton
|
Batting: RHB William Allen
|
0-0: Ball 1-0: Ball 2-0: Ball 3-0: Swinging Strike 3-1: Ground out 6-3 (Groundball, 6, EV 83.8 MPH)
|
Batting: RHB Jose Matos
|
0-0: Called Strike 0-1: Ball 1-1: Ball 2-1: Fly out, F8 (Flyball, 78M, EV 83.1 MPH)
|
Batting: RHB Keith Komeiji
|
0-0: Ball 1-0: Called Strike 1-1: Ball 2-1: Foul Ball, location: 2F 2-2: Ball 3-2: Base on Balls
|
Batting: RHB Ray Thoma
|
0-0: Ball 1-0: Foul Ball, location: 2F 1-1: Swinging Strike 1-2: Foul Ball, location: 2F 1-2: Foul Ball, location: 2F 1-2: Ground out 1-3 (Groundball, 13S, EV 68.8 MPH)
|
Bottom of the 8th over - 0 runs, 0 hits, 0 errors, 1 left on base; Great Falls 2 - Butte 4 |
TOP OF THE 9TH |
Great Falls Voyagers batting - Pitching for Butte Copper Kings : LHP Kenneth Stelly
|
Pitching: RHP Tony Ghelfi
|
|
Batting: RHB Johnny Paredes
|
0-0: Called Strike 0-1: Ground out 6-3 (Groundball, 6M, EV 88.8 MPH)
|
Batting: RHB Jose Gomez
|
0-0: Ball 1-0: Fly out, F7 (Flyball, 78D, EV 91.3 MPH)
|
Batting: SHB John Kanter
|
0-0: Fly out, F8 (Flyball, 8LM, EV 90.6 MPH)
|
Top of the 9th over - 0 runs, 0 hits, 0 errors, 0 left on base; Great Falls 2 - Butte 4 |
|